[Event "WALTON 1st Div Women League 2023"]
[Site "Dhaka"]
[Date "2023.03.28"]
[Round "7.10"]
[White "Sharmin, Khan"]
[Black "Sonia, Akhter"]
[Result "1/2-1/2"]
[ECO "C46"]
[WhiteElo "1290"]
[BlackElo "1180"]
[Annotator "NA RC COMBH"]
[PlyCount "98"]
[EventDate "2023.03.22"]
[EventType "team-tourn"]
[EventCountry "BAN"]
[SourceTitle "playchess.com"]
[Source "ChessBase"]
[SourceQuality "1"]
[TimeControl "5400+30"]

1. e4 Nc6 2. Nf3 e5 3. Nc3 a6 4. d3 Nf6 5. Be2 Bc5 6. h3 O-O 7. O-O Nh5 8. Re1 h6 9. Nh2 Qh4 10. Be3 Bxe3 11. fxe3 Ng3 12. Nf3 Qf6 13. d4 d6 14. Nd5 Qd8 15. Kh2 Nh5 16. Ng1 Nf6 17. Nxf6+ Qxf6 18. Rf1 Qg5 19. Rf3 Ne7 20. Rg3 Qh4 21. dxe5 dxe5 22. Qd3 Be6 23. Bg4 Rfd8 24. Qc3 Nc6 25. Bxe6 fxe6 26. Qb3 Re8 27. Qxb7 Qxe4 28. Qb3 Nd8 29. Rg4 Qf5 30. Nf3 Rf8 31. Rd1 e4 32. Nd4 Qe5+ 33. Kg1 Rf6 34. Qc4 h5 35. Nc6 Nxc6 36. Qxc6 hxg4 37. Qxa8+ Kh7 38. hxg4 Qg3 39. Qxe4+ g6 40. Rd7+ Kh6 41. g5+ Qxg5 42. Rd1 Qb5 43. Qh4+ Kg7 44. Kh2 Qxb2 45. Rd7+ Rf7 46. Rxf7+ Kxf7 47. Qh7+ Qg7 48. Qxg7+ Kxg7 49. g4 Kf6 1/2-1/2

[Event "WALTON 1st Div Women League 2023"]
[Site "Dhaka"]
[Date "2023.03.28"]
[Round "7.13"]
[White "Nusrat Jahan, Alo"]
[Black "Wadifa, Ahmed"]
[Result "*"]
[ECO "C42"]
[WhiteElo "1787"]
[BlackElo "1811"]
[Annotator "NA RC COMBH"]
[PlyCount "24"]
[EventDate "2023.03.22"]
[EventType "team-tourn"]
[EventCountry "BAN"]
[SourceTitle "playchess.com"]
[Source "ChessBase"]
[SourceQuality "1"]
[TimeControl "5400+30"]

1. e4 e5 2. Nf3 d6 3. Nc3 Nf6 4. Bd3 g6 5. Nd5 Nxd5 $1 6. exd5 $15 Bg7 7. O-O O-O 8. Be4 $2 (8. Be2 $15) 8... Nd7 $2 (8... f5 $19 9. Bd3 e4) 9. d4 f5 10. Bd3 e4 11. Ng5 Nb6 (11... exd3 $19 {has better winning chances.} 12. Ne6 dxc2 13. Qxc2 Qe7 14. Qxc7 Rf7) 12. Be2 Bf6 *

[Event "WALTON 1st Div Women League 2023"]
[Site "Dhaka"]
[Date "2023.03.28"]
[Round "7.13"]
[White "Nazia, Jafrin Mohona"]
[Black "Nazmin, Akter"]
[Result "0-1"]
[ECO "C42"]
[WhiteElo "1206"]
[BlackElo "1258"]
[Annotator "NA RC COMBH"]
[PlyCount "100"]
[EventDate "2023.03.22"]
[EventType "team-tourn"]
[EventCountry "BAN"]
[SourceTitle "playchess.com"]
[Source "ChessBase"]
[SourceQuality "1"]
[TimeControl "5400+30"]

1. e4 e5 2. Nf3 d6 3. Nc3 Nf6 4. Bd3 g6 5. Nd5 Nxd5 6. exd5 Bg7 7. O-O O-O 8. Be4 Nd7 9. d4 f5 10. Bd3 e4 11. Ng5 Nb6 12. Be2 Bf6 13. Ne6 Bxe6 14. dxe6 Qe7 15. d5 Kh8 16. f3 exf3 17. Bxf3 Bg7 18. c3 Rac8 19. Be3 Nc4 20. Qe2 Nxe3 21. Qxe3 a6 22. a4 c6 23. Rac1 cxd5 24. Bxd5 Rc5 25. Qf3 Be5 26. Bxb7 Qxe6 27. Bxa6 Qb3 28. Rb1 Qxa4 29. Qb7 Qh4 30. h3 Qg3 31. Qe7 Kg8 32. Qe6+ Kg7 33. Qe7+ Rf7 34. Qe6 Rcc7 35. Bc4 h5 36. Rf3 Qh2+ 37. Kf2 Bf6 38. Qe1 Rxc4 39. Qh1 Qe5 40. Re1 Qc5+ 41. Rfe3 Re7 42. Qf1 Rxe3 43. Rxe3 Re4 44. Qe2 Bg5 45. Kf1 Rxe3 46. Qf2 Qc4+ 47. Kg1 Qd3 48. Qf1 Re2 49. b4 Be3+ 50. Kh1 Qd2 0-1

[Event "WALTON 1st Div Women League 2023"]
[Site "Dhaka"]
[Date "2023.03.28"]
[Round "7.14"]
[White "Ahmed, Walijah"]
[Black "Srija, Seshadri"]
[Result "1-0"]
[ECO "C44"]
[WhiteElo "1920"]
[BlackElo "2194"]
[Annotator "TA"]
[PlyCount "24"]
[EventDate "2023.03.22"]
[EventType "team-tourn"]
[EventCountry "BAN"]
[SourceTitle "playchess.com"]
[Source "ChessBase"]
[SourceQuality "1"]
[TimeControl "5400+30"]

1. e4 e5 2. Nf3 Nc6 3. d4 d5 4. dxe5 dxe4 5. Qxd8+ Nxd8 6. Ng5 {[%emt 0:00:30] C44: Ponziani Opening and Scotch Gambit.} Nc6 7. Bb5 Bd7 8. Bxc6 {[%emt 0:00:44] White is slightly better.} Bxc6 {[%emt 1:21:39] [#]} 9. O-O $146 {[%emt 0:01:09] [#]} (9. e6 $11 {and White has nothing to worry.} Nh6 10. exf7+ Nxf7 11. Ne6) ({Predecessor:} 9. Be3 Ne7 10. Nd2 Ng6 11. Ngxe4 Nxe5 12. Bf4 Nc4 13. Nxc4 Bxe4 14. O-O-O Bf5 15. Rhe1+ {1-0 Alpaslan,A (1819)-Sahin,E TUR-ch Antalya 2013 (1)}) 9... O-O-O $4 (9... h6 $19 {and life is good for Black.} 10. Nh3 g5) 10. Nxf7 $18 {[%emt 0:00:15] White is clearly winning.} Re8 11. Nxh8 Rxe5 12. Nf7 Rf5 {[%emt 0:00:15] Weighted Error Value: White=0.57/Black=1.18} 1-0

[Event "WALTON 1st Div Women League 2023"]
[Site "Dhaka"]
[Date "2023.03.28"]
[Round "7.14"]
[White "Essaba, Masnun"]
[Black "Jarin, Tasnim"]
[Result "1-0"]
[ECO "C44"]
[WhiteElo "1325"]
[BlackElo "1180"]
[Annotator "NA RC COMBH"]
[PlyCount "101"]
[EventDate "2023.03.22"]
[EventType "team-tourn"]
[EventCountry "BAN"]
[SourceTitle "playchess.com"]
[Source "ChessBase"]
[SourceQuality "1"]
[TimeControl "5400+30"]

1. e4 e5 2. Nf3 Nc6 3. d4 d5 4. dxe5 dxe4 5. Qxd8+ Nxd8 6. Ng5 Nc6 7. Bb5 Bd7 8. Bxc6 Bxc6 9. O-O O-O-O 10. Nxf7 Re8 11. Nxh8 Rxe5 12. Nf7 Rf5 13. Ng5 Bc5 14. Nh3 Rf6 15. Nc3 Rg6 16. Be3 Bd6 17. Rad1 Ne7 18. Nf4 Bxf4 19. Bxf4 e3 20. Bg3 Nf5 21. fxe3 Nd6 22. e4 b6 23. Nd5 Kd8 24. Bxd6 cxd6 25. Nc3 Ke7 26. Rd3 b5 27. a3 a5 28. b4 axb4 29. axb4 Ke6 30. Rfd1 Ke7 31. Rg3 Re6 32. Rf1 g6 33. Re3 Ke8 34. Rfe1 Kd7 35. Nd5 Kc8 36. Kf2 Re5 37. Rh3 h5 38. Rf3 Kd7 39. Rf7+ Ke6 40. Rf6+ Kd7 41. Rxg6 Bxd5 42. exd5 Rxd5 43. Rg3 Rd4 44. c3 Rc4 45. Ree3 h4 46. Rg7+ Kc6 47. Rf7 Kd5 48. Rff3 Kc6 49. Rd3 Kd7 50. Rd4 Rc6 51. Rxh4 1-0

[Event "WALTON 1st Div Women League 2023"]
[Site "Dhaka"]
[Date "2023.03.28"]
[Round "7.15"]
[White "Parveen, Tanima"]
[Black "Noshin, Anjum"]
[Result "*"]
[WhiteElo "1960"]
[BlackElo "1877"]
[Annotator "TA"]
[PlyCount "24"]
[EventDate "2023.03.22"]
[EventType "team-tourn"]
[EventCountry "BAN"]
[SourceTitle "playchess.com"]
[Source "ChessBase"]
[SourceQuality "1"]
[TimeControl "5400+30"]

1. e4 c5 2. Nf3 Nc6 3. Bc4 e5 4. c3 Nf6 5. Qb3 {[%emt 0:00:00] [#] An uneventful encounter.} {Predecessor:} Na5 $146 6. Qa4 {B22: Sicilian: 2 c3.} Nxc4 7. Qxc4 d6 8. O-O Be6 9. Qe2 Be7 10. d4 Qc7 11. Bg5 O-O 12. d5 Bd7 {1-0 Antonenko,V-Murashova,E RUS-ch U14 Girls 2001} *

[Event "WALTON 1st Div Women League 2023"]
[Site "Dhaka"]
[Date "2023.03.28"]
[Round "7.15"]
[White "Zowena, Mehbish"]
[Black "Warisa Haider"]
[Result "0-1"]
[ECO "B22"]
[WhiteElo "1121"]
[BlackElo "1302"]
[Annotator "NA RC COMBH"]
[PlyCount "98"]
[EventDate "2023.03.22"]
[EventType "team-tourn"]
[EventCountry "BAN"]
[SourceTitle "playchess.com"]
[Source "ChessBase"]
[SourceQuality "1"]
[TimeControl "5400+30"]

1. e4 c5 2. Nf3 Nc6 3. Bc4 e5 4. c3 Nf6 5. Qb3 Qe7 6. Ng5 Nd8 7. d3 g6 8. O-O Bg7 9. f4 exf4 10. Rxf4 d6 11. Nd2 h6 12. Ngf3 Nh5 13. Rh4 Bf6 14. Rxh5 gxh5 15. Nf1 Be6 16. Bb5+ Bd7 17. Ng3 Bxb5 18. Qxb5+ Qd7 19. Qxd7+ Kxd7 20. Nxh5 Be7 21. e5 Nc6 22. Bf4 dxe5 23. Nxe5+ Nxe5 24. Bxe5 Rhg8 25. Bg7 Bg5 26. Rf1 Rae8 27. Rxf7+ Re7 28. Nf6+ Bxf6 29. Rxf6 Rgxg7 30. Rxh6 Re2 31. b3 Rexg2+ 32. Kf1 Rxa2 33. Rh5 b6 34. Rd5+ Kc6 35. Rh5 Rb2 36. b4 cxb4 37. cxb4 Rxb4 38. Ke2 Rb2+ 39. Ke3 Rgg2 40. h3 Rb5 41. Rh4 Rg3+ 42. Ke2 Rb2+ 43. Kf1 Rxd3 44. Ke1 Ra3 45. Rc4+ Kb5 46. Rc1 Rxh3 47. Rc2 Rxc2 48. Kd1 Rg2 49. Ke1 Rh1# 0-1

[Event "WALTON 1st Div Women League 2023"]
[Site "Dhaka"]
[Date "2023.03.28"]
[Round "7.16"]
[White "Warsia, Khusbu"]
[Black "Varshini V Kundar"]
[Result "*"]
[ECO "C57"]
[WhiteElo "1836"]
[BlackElo "1096"]
[Annotator "NA RC COMBH"]
[PlyCount "43"]
[EventDate "2023.03.22"]
[EventType "team-tourn"]
[EventCountry "BAN"]
[SourceTitle "playchess.com"]
[Source "ChessBase"]
[SourceQuality "1"]
[TimeControl "5400+30"]

1. e4 e5 2. Nf3 Nc6 3. Bc4 Nf6 4. Ng5 d5 5. exd5 Nxd5 6. Nxf7 Kxf7 7. Qf3+ Qf6 $18 (7... Ke6 $1 $14 8. Nc3 Ncb4) 8. Bxd5+ Ke8 9. d3 Qxf3 10. Bxf3 Nd4 11. Bd1 Be6 12. c3 Nc6 13. O-O (13. Bc2 $142) 13... Bc5 14. Re1 Rf8 15. Be3 Bxe3 16. Rxe3 Kd7 17. Rg3 g6 18. Bg4 Bxg4 19. Rxg4 Rae8 20. Nd2 Rf4 21. Rxf4 exf4 22. Ne4 *